 Dungeon Crawl Stone Soup version 0.29-a0-825-g72347fce65 (webtiles) character file.

Game seed: 3728592541733611185

391 27snakeeyes612 the Sneak (level 6, 0/28 HPs)
             Began as a Spriggan Enchanter on July 11, 2022.
             Slain by a phantom (5 damage)
             ... on level 5 of the Dungeon.
             The game lasted 00:11:01 (4901 turns).

27snakeeyes612 the Sneak (Spriggan Enchanter)       Turns: 4901, Time: 00:11:01

Health: 0/28       AC: 11    Str:  4    XL:     6   Next: 50%
Magic:  9/13       EV: 19    Int: 16    God:
Gold:   234        SH:  0    Dex: 18    Spells: 8/13 levels left

rFire   . . .      SeeInvis +   q - +1 short sword (protect)
rCold   . . .      Faith    .   (no shield)
rNeg    . . .      Spirit   .   b - +1 robe
rPois   .          Reflect  .   (helmet restricted)
rElec   .          Harm     .   t - +0 cloak
rCorr   .          Rampage  .   (gloves unavailable)
Will    +....                   (boots unavailable)
Stlth   +++.......              (no amulet)
HPRegen 0.09/turn               (no ring)
MPRegen 0.13/turn               (no ring)

@: under a protective aura, very quick
A: very small, no large weapons, unfitting armour, see invisible, speed 3
a: no special abilities


You were on level 5 of the Dungeon.
You visited 1 branch of the dungeon, and saw 6 of its levels.

You collected 234 gold pieces.

Inventory:

Hand Weapons
 a - a +1 dagger
 o - a +0 short sword
 q - a +1 short sword of protection (weapon)
Armour
 b - a +1 robe (worn)
 t - a +0 cloak (worn)
Magical Staves
 f - a staff of poison
Jewellery
 n - a ring of flight
Scrolls
 j - a scroll of fear
 l - a scroll of amnesia
 p - 2 scrolls of teleportation
 s - 2 scrolls of identify
Potions
 c - 3 potions of invisibility
 d - 2 potions of flight
 e - a potion of mutation
 g - a potion of cancellation
 h - 3 potions of brilliance
 i - 3 potions of haste
 k - 2 potions of heal wounds
 m - a potion of magic
 r - a potion of ambrosia


   Skills:
 + Level 3.0 Short Blades
 + Level 4.3 Dodging
 + Level 6.1 Stealth
 + Level 4.1 Spellcasting
 + Level 5.0 Hexes
 + Level 1.9 Ice Magic


You had 8 spell levels left.
You knew the following spells:

 Your Spells              Type           Power      Damage    Failure   Level
a - Ensorcelled Hibernat  Hex/Ice        28%        N/A       6%          2
b - Confusing Touch       Hex            19%        N/A       6%          3

Your spell library contained the following spells:

 Spells                   Type           Power      Damage    Failure   Level
 Tukima's Dance           Hex            19%        N/A       6%          3
 Freeze                   Ice            36%        1d6       8%          1
 Dazzling Flash           Conj/Hex       22%        N/A       19%         3
 Frozen Ramparts          Ice            18%        1d3       22%         3
 Hailstorm                Conj/Ice       6%         3d4       73%         4


Dungeon Overview and Level Annotations

Branches:
Dungeon (6/15)
 Temple: D:4-7

Altars:
Xom

Shops:
D:4 [(**


Innate Abilities, Weirdness & Mutations

You are very small and have problems with some larger weapons.
You are too small for most types of armour.
You have supernaturally acute eyesight. (SInv)
You cover ground extremely quickly. (Speed+++)


Message History

Aiming: Ensorcelled Hibernation (safe; 6% risk of failure)
Press: ? - help, Q - select action Shift-Dir - straight line, f/p - gnoll
Aim: a gnoll, wielding a +3 whip (chance to affect: 56%)
The gnoll looks drowsy...
The helpless gnoll fails to defend itself.
You impale the gnoll!!
Your weapon exudes an aura of protection.
You kill the gnoll!
You see here a +3 whip.
You now have 234 gold pieces (gained 14).
Things that are here:
a +2 whip of electrocution; a gnoll corpse You start resting.
An iguana is nearby!
You start resting.
A white imp is nearby!
You see here a +3 whip.
You start resting.
A phantom comes into view.
Casting: Ensorcelled Hibernation (safe; 6% risk of failure)
Confirm with . or Enter, or press ? or * to list all spells.
The spell is quite dangerous to miscast (6% risk of failure)!
Continue anyway? [Y]es or [N]o only, please.
The spell is quite dangerous to miscast (6% risk of failure)!
Continue anyway?
Your hands begin to glow red.
The phantom completely misses you.
You closely miss the phantom. The phantom misses you.
You hit the phantom but do no damage. You closely miss the phantom.
The phantom barely misses you.
You hit the phantom but do no damage. The phantom hits you.
You hit the phantom but do no damage.
The phantom appears confused.
The phantom hits you!
* * * LOW HITPOINT WARNING * * *
The phantom blinks!
You blink.
The phantom hits itself but does no damage.
You closely miss the phantom. The phantom completely misses you.
You hit the phantom.
Your weapon exudes an aura of protection.
The phantom is lightly damaged.
The phantom hits you.
You die...

##### ####W..# #...@#.#
#############....#.##############
..>..............................
#....########....#.#######.....##
#...)...# ####.#.#######.###.#
#....##.# #.#.....<.#.# #.#
#.....# # #.#...###.#.# #.##
#....## #.#.......#.###... #..).#
#.#...###.#.##....


You could see a phantom (confused).

Vanquished Creatures
  A kobold brigand (D:4)
  A jelly (D:5)
  2 hounds
  An orc priest (D:4)
  An iguana (D:4)
  5 adders
  3 gnolls (D:5)
  A shadow imp (D:5)
  A dart slug (D:1)
  7 orcs
  4 endoplasms
  5 giant cockroaches
  9 goblins
  5 hobgoblins
  7 kobolds
  3 quokkas
  9 ball pythons
  5 bats
  7 frilled lizards
  8 rats
85 creatures vanquished.

Notes
Turn   | Place    | Note
-------+----------+-------------------------------------------
     0 | D:1      | 27snakeeyes612 the Spriggan Enchanter began the quest for
                  | the Orb.
     0 | D:1      | Reached XP level 1. HP: 9/9 MP: 5/5
   191 | D:1      | Found a faded altar of an unknown god.
   226 | D:1      | Reached XP level 2. HP: 12/13 MP: 6/6
  1349 | D:1      | Learned a level 2 spell: Ensorcelled Hibernation
  1519 | D:1      | Reached XP level 3. HP: 16/16 MP: 8/8
  1745 | D:2      | Reached skill level 5 in Stealth
  2036 | D:2      | You fall into a shaft and drop 2 floors!
  2044 | D:4      | Found Eceykauw's Distillery.
  2108 | D:4      | Found Cuddizi's Antique Armour Emporium.
  2158 | D:4      | Reached skill level 1 in Ice Magic
  2158 | D:4      | Reached XP level 4. HP: 21/21 MP: 6/9
  2393 | D:4      | Found a shimmering altar of Xom.
  2464 | D:4      | Reached XP level 5. HP: 24/24 MP: 8/11
  2618 | D:4      | Found Kosuu's General Store.
  2801 | D:4      | Found Januth's Weapon Emporium.
  2818 | D:4      | Found Hef Ger's Assorted Antiques.
  4006 | D:2      | Reached XP level 6. HP: 28/28 MP: 12/12
  4399 | D:5      | Entered Level 5 of the Dungeon
  4399 | D:5      | Noticed an ice beast
  4415 | D:5      | Reached skill level 6 in Stealth
  4775 | D:5      | Learned a level 3 spell: Confusing Touch
  4799 | D:5      | Reached skill level 5 in Hexes
  4901 | D:5      | Slain by a phantom

Illustrated notes

Levels and vault maps discovered:
D:1:      saegor_arrival_simple_e, layout_rooms,
          ebering_ecumenical_altar_sacrificial, minmay_distorted
D:2:      layout_loops_corners, grunt_ministairs_1, due_unseen_surprise
D:3:      layout_basic, minmay_misc_feat_cross
D:4:      layout_loops_ring, mainiacjoe_overflow_six_doors_small, serial_shops,
          kennysheep_mini_moat, kennysheep_mini, nicolae_shop_advertising_works
          [nicolae_subvault_shop_adworks], shop, nicolae_diamond_shop
D:5:      dreamdust_elfheim, layout_basic
D:6:      layout_basic, enter_ossuary_1

Skill      XL: |  1  2  3  4  5  6 |
---------------+-------------------+-----
Dodging        | 3 4 |  4.3
Spellcasting   | 3 4 |  4.1
Hexes          | 4 5 |  5.0
Stealth        | 5 6 |  6.1
Short Blades   | 2 3 |  3.0
Ice Magic      | 1 |  1.9

Action                   |  1- 3 |  4- 6 || total
-------------------------+-------+-------++-------
Melee: Dagger            |   127 |    80 ||   207
       Punch             |     1 |     1 ||     2
       Short sword       |       |    43 ||    43
 Cast: Ensorcelled Hiber |    10 |    30 ||    40
       Confusing Touch   |       |     1 ||     1
  Use: Scroll            |     5 |    11 ||    16
 Stab: Sleeping          |    15 |    29 ||    44
       Distracted        |     1 |       ||     1
Armor: Robe              |    16 |    12 ||    28
Dodge: Dodged            |    85 |    97 ||   182

Table legend: (Time is in decaauts)
 A = Elapsed time spent in this place.
 B = Non-inter-level travel time spent in this place.
 C = Inter-level travel time spent in this place.
 D = Time resting spent in this place.
 E = Time spent auto-exploring this place.
 F = Levels seen in this place.
 G = Mean time per level.
                   A        B        C        D        E       F      G
               +--------+--------+--------+--------+--------+-----+--------+
         Total |   3704 |   3548 |    156 |    853 |   1809 |   6 |  617.3 |
       Dungeon |   3704 |   3548 |    156 |    853 |   1809 |   6 |  617.3 |
               +--------+--------+--------+--------+--------+-----+--------+

Top non-repeatable levels by time:
     D:1: 1336 daAuts
     D:4: 1010 daAuts
     D:2: 677 daAuts
     D:3: 385 daAuts
     D:5: 191 daAuts
     D:6: 103 daAuts
